 Dungeon Crawl Stone Soup version 0.27.1-3-gb3d3a73c9e (webtiles) character file.

Game seed: 15376511627327677517

22433 Erymatos the Cleaver (level 12, -12/166 HPs)
             Began as a Minotaur Berserker on Sept 3, 2021.
             Was an Elder of Trog.
             Mangled by a sun demon (13 damage)
             ... in a volcano on Oct 6, 2021.
             The game lasted 00:44:07 (17646 turns).

Erymatos the Cleaver (Minotaur Berserker)          Turns: 17646, Time: 00:44:07

Health: -12/166    AC: 11    Str: 26    XL:     12   Next: 63%
Magic:  11/11      EV: 15    Int:  4    God:    Trog [****..]
Gold:   669        SH: 12    Dex: 17    Spells: 11/11 levels left

rFire    + . .     SeeInvis +   U - +4 hand axe
rCold    + + .     Faith    .   I - +0 kite shield
rNeg     . . .     Spirit   .   h - +1 ring mail {rC+}
rPois    .         Reflect  .   Q - +2 hat {SInv}
rElec    .         Harm     .   K - scarf {rC+ rF+}
rCorr    .         Rampage  .   o - +0 pair of gloves
Will     +....                  (no boots)
Stlth    ..........             e - amulet of the acrobat
HPRegen  0.37/turn              u - +6 ring of dexterity
MPRegen  0.12/turn              m - ring of willpower

@: berserking (expiring), very quick
A: horns 2, retaliatory headbutt
a: Renounce Religion, Berserk, Trog's Hand, Brothers in Arms


You were in a volcano.
You worshipped Trog.
Trog was greatly pleased with you.
You visited 2 branches of the dungeon, and saw 14 of its levels.
You also visited: Ossuary and Volcano.

You collected 957 gold pieces.
You spent 288 gold pieces at shops.

Inventory:

Hand Weapons
 U - a +4 hand axe (weapon)
Armour
 h - a +1 ring mail of cold resistance (worn)
 o - a +0 pair of gloves (worn)
 I - a +0 kite shield (worn)
 K - a scarf of resistance (worn)
 N - the +6 scale mail of Defiance {Harm rPois MP+9 Str+3}
   (You bought it in a shop on level 6 of the Dungeon)

   Str:       It affects your strength (+3).
   rPois:     It protects you from poison.
   MP:        It affects your magic capacity (+9).
   Harm:      It increases damage dealt and taken.
 Q - a +2 hat of see invisible (worn)
Jewellery
 e - an amulet of the acrobat (around neck)
 k - a ring of positive energy
 m - a ring of willpower (right hand)
 s - a ring of see invisible
 u - a +6 ring of dexterity (left hand)
 w - a ring of ice
 y - a ring of flight
 S - an amulet of faith
Wands
 t - a wand of digging (14)
Scrolls
 a - a scroll of enchant armour {unknown}
 b - a scroll of fog
 c - 2 scrolls of vulnerability
 g - 2 scrolls of brand weapon
 l - 10 scrolls of teleportation
 q - 7 scrolls of enchant weapon
 r - 3 scrolls of fear
 v - 2 scrolls of identify
 B - a scroll of immolation {unknown}
 E - a scroll of silence {unknown}
 F - a scroll of magic mapping {unknown}
 R - a scroll of summoning {unknown}
 T - a scroll of torment
 X - a scroll of blinking {unknown}
 Y - a scroll of acquirement {unknown}
Potions
 d - 10 potions of curing {unknown}
 f - 4 potions of might {unknown}
 i - 2 potions of attraction {unknown}
 j - 3 potions of magic {unknown}
 n - 4 potions of heal wounds {unknown}
 p - 2 potions of brilliance {unknown}
 x - 2 potions of haste {unknown}
 D - 2 potions of mutation {unknown}
 G - 3 potions of resistance {unknown}
 L - 2 potions of lignification {unknown}
 Z - a potion of ambrosia {unknown}


   Skills:
 + Level 11.7 Fighting
 + Level 14.8 Axes
 + Level 10.7 Armour
 + Level 10.1 Dodging
 + Level 8.5 Shields


You had 11 spell levels left.
You didn't know any spells.
Your spell library was empty.

Dungeon Overview and Level Annotations

Branches:
Dungeon (11/15)            Temple (0/1) D:5            Lair (3/6) D:11
Ossuary (visited)         Volcano (1/1)
  Swamp: Lair:2-4    Shoals: Lair:2-4     Snake: Lair:2-4    Spider: Lair:2-4
    Orc: D:9-12

Altars:
Cheibriados
Gozag
Okawaru
Qazlal
Trog
Uskayaw
Vehumet
Wu Jian
Xom
Yredelemnul
Zin
The Shining One

Shops:
D:6 [   D:7 =


Innate Abilities, Weirdness & Mutations

You have a pair of horns on your head.
You reflexively headbutt those who attack you in melee.


Message History

The sun demon misses you. The sun demon hits you!
* * * LOW HITPOINT WARNING * * *
You are engulfed in flames.
You resist.
* * * LOW HITPOINT WARNING * * *
You closely miss the sun demon. You headbutt the sun demon!
The sun demon is severely wounded.
You barely miss the sun demon. You closely miss the sun demon.
The sun demon closely misses you. You furiously retaliate!
You headbutt the sun demon.
Unknown command.
You closely miss the sun demon.
The sun demon is severely wounded.
You closely miss the sun demon. x2; The sun demon completely misses you.
You furiously retaliate!
You headbutt the sun demon! You block the sun demon's attack.
The sun demon closely misses you.
A steam dragon comes into view.
Unknown command.
The steam dragon hisses angrily.
You slash the sun demon!
You kill the sun demon!
Trog accepts your kill.
You slash the sun demon! You hit the sun demon.
Unknown command.
You slash the hell hound! Your headbutt misses the hell hound.
The hell hound is almost dead.
You barely miss the sun demon. You slash the sun demon!
The sun demon hits you but does no damage.
The sun demon closely misses you. You block the hell hound's attack.
Unknown command.
You hit the hell hound.
You kill the hell hound!
Trog accepts your kill.
You slash the sun demon! x2; The sun demon hits you!
* * * LOW HITPOINT WARNING * * *
You are engulfed in flames!
You resist.
* * * LOW HITPOINT WARNING * * *
You slash the hell hound!
The hell hound is moderately wounded.
You hit the sun demon. x2; The sun demon hits you!
You die...

##... ##.... ≈
#..... ... .§§..
..D. ... #....
#.######.....
##†...3......
###....@hh...# #
##.......3..###
##. ##...........#
#..##......#....##
#.#.......#######
#..#....###
#...§.§##
#...§...#
#.##...##


You could see 2 sun demons, a steam dragon and 2 hell hounds.

Vanquished Creatures
  Gastronok (D:9)
  A hydra (Lair:2)
  2 two-headed ogres
  A sun demon (Volcano)
  Pikel (D:4)
  A cyclops (D:11)
  2 black mambas (Lair:1)
  A torpor snail (Lair:3)
  5 cane toads
  A komodo dragon (Lair:1)
  Psyche (D:11)
  2 rime drakes (Lair:1)
  3 trolls
  A polar bear (Lair:2)
  3 hornets
  A meliai zombie (D:11)
  4 wyverns
  3 wraiths
  9 yaks
  A vampire (D:10)
  A basilisk (D:10)
  4 water elementals (D:10)
  5 steam dragons
  An acid dragon (D:8)
  Duvessa (D:4)
  2 floating eyes (D:9)
  8 water moccasins
  A hell hound (Volcano)
  2 ice beasts (D:6)
  3 orc warriors
  A hornet zombie (D:9)
  4 black bears
  A sky beast (D:6)
  4 centaurs
  4 necrophages
  3 ogres
  11 wolves
  A lemure (D:4)
  3 kobold brigands
  7 bullfrogs
  Blork the orc (D:4)
  2 gnoll sergeants (D:5)
  2 wyvern zombies
  2 scorpions
  A wyvern skeleton (D:7)
  Dowan (D:4)
  6 killer bees (D:8)
  2 howler monkeys
  5 electric eels
  2 centaur zombies
  2 jellies (D:6)
  2 bullfrog skeletons (D:6)
  12 hounds
  9 orc priests
  2 centaur skeletons (D:4)
  5 gnoll shamans
  6 iguanas
  Natasha (D:2)
  8 orc wizards
  Ijyb (D:4)
  A hound zombie (D:5)
  A hound skeleton (D:4)
  2 howler monkey zombies (D:9)
  3 mummies (Ossuary)
  Robin (D:2)
  14 adders
  24 gnolls
  2 white imps
  3 ufetubi
  An adder skeleton (D:5)
  A worm (D:3)
  A dart slug (D:1)
  20 orcs
  6 bats
  3 endoplasms
  2 giant cockroaches
  10 goblins
  11 hobgoblins
  4 jackals (D:3)
  3 quokkas
  10 ball pythons
  3 frilled lizards
  5 goblin zombies (Ossuary)
  4 hobgoblin zombies (Ossuary)
  25 kobolds
  2 kobold zombies (Ossuary)
  2 orc zombies (D:5)
  8 rats
355 creatures vanquished.

Vanquished Creatures (collateral kills)
  2 death yaks (Lair:3)
2 creatures vanquished.

Vanquished Creatures (others)
  A kobold (D:7)
  7 fungi
  7 plants
15 creatures vanquished.

Grand Total: 372 creatures vanquished

Notes
Turn   | Place    | Note
-------+----------+-------------------------------------------
     0 | D:1      | Erymatos the Minotaur Berserker began the quest for the
                  | Orb.
     0 | D:1      | Reached XP level 1. HP: 19/19 MP: 0/0
   216 | D:1      | Reached skill level 4 in Axes
   216 | D:1      | Reached XP level 2. HP: 25/27 MP: 1/1
   580 | D:2      | Upgraded the game from 0.27.1 to 0.27.1-1-g398f81649c
   580 | D:2      | Upgraded the game from 0.27.1-1-g398f81649c to
                  | 0.27.1-2-g3b301248ec
   697 | D:2      | Reached XP level 3. HP: 20/33 MP: 2/2
   954 | D:2      | Reached ** piety under Trog
  1177 | D:2      | Upgraded the game from 0.27.1-2-g3b301248ec to
                  | 0.27.1-3-gb3d3a73c9e
  1202 | D:2      | Noticed Natasha
  1206 | D:2      | Killed Natasha
  1207 | D:2      | Reached XP level 4. HP: 36/40 MP: 3/3
  1582 | D:2      | Noticed Robin
  1587 | D:2      | Killed Robin
  1588 | D:2      | Reached skill level 5 in Axes
  1741 | D:3      | Reached XP level 5. HP: 47/47 MP: 4/4
  1849 | D:3      | Found a snail-covered altar of Cheibriados.
  1934 | D:3      | Reached *** piety under Trog
  1937 | D:3      | Reached skill level 6 in Axes
  1937 | D:3      | Reached XP level 6. HP: 50/53 MP: 5/5
  2456 | D:3      | Reached skill level 5 in Armour
  2720 | D:4      | Found a bloodstained altar of Trog.
  2720 | D:4      | Found an iron altar of Okawaru.
  2792 | D:4      | Reached skill level 5 in Fighting
  2792 | D:4      | Reached skill level 7 in Axes
  2792 | D:4      | Reached XP level 7. HP: 50/61 MP: 6/6
  2882 | D:4      | Reached **** piety under Trog
  2986 | D:4      | Reached skill level 8 in Axes
  3026 | D:4      | Reached XP level 8. HP: 69/69 MP: 7/7
  3147 | D:4      | Noticed Ijyb
  3153 | D:4      | Killed Ijyb
  3164 | D:4      | Noticed Blork the orc
  3174 | D:4      | Killed Blork the orc
  3395 | D:4      | Reached skill level 9 in Axes
  3605 | D:4      | Noticed Duvessa
  3607 | D:4      | Noticed Dowan
  3615 | D:4      | Killed Duvessa
  3617 | D:4      | Killed Dowan
  3927 | D:4      | Noticed Pikel
  3937 | D:4      | Killed Pikel
  3938 | D:4      | Reached skill level 10 in Axes
  3938 | D:4      | Reached skill level 5 in Dodging
  4192 | D:5      | Entered Level 5 of the Dungeon
  4192 | D:5      | Found a staircase to the Ecumenical Temple.
  4460 | D:5      | Found an ornate altar of the Wu Jian Council.
  4514 | D:5      | Reached XP level 9. HP: 79/79 MP: 8/8
  4622 | D:5      | Found a sand-covered staircase.
  4634 | Ossuary  | Entered an ossuary
  5142 | D:5      | Reached skill level 11 in Axes
  6092 | D:6      | Found a basalt altar of Yredelemnul.
  6350 | D:6      | Found a glowing golden altar of the Shining One.
  6491 | D:6      | Found Liawynax's Antique Armour Shoppe.
  6693 | D:6      | Found a stormy altar of Qazlal.
  6695 | D:6      | Found a hide-covered altar of Uskayaw.
  6739 | D:6      | Noticed a troll
  6891 | D:6      | Reached ***** piety under Trog
  6915 | D:6      | Reached skill level 12 in Axes
  6915 | D:6      | Reached XP level 10. HP: 63/90 MP: 9/9
  7242 | D:6      | Bought a twisted scale mail for 288 gold pieces
  7242 | D:6      | Identified the +6 scale mail of Defiance {Harm rPois MP+9
                  | Str+3} (You bought it in a shop on level 6 of the Dungeon)
  7498 | D:7      | Received a gift from Trog
  7630 | D:7      | Found an opulent altar of Gozag.
  7815 | D:7      | Found Domopsu's Jewellery Shoppe.
  8450 | D:8      | Paralysed by a hornet for 3 turns
  9747 | D:8      | Reached skill level 1 in Shields
  9763 | D:8      | Found a radiant altar of Vehumet.
  9763 | D:8      | Found a shimmering altar of Xom.
  9763 | D:8      | Found a glowing silver altar of Zin.
 10008 | D:9      | Reached skill level 13 in Axes
 11459 | D:9      | Noticed Gastronok
 11473 | D:9      | Killed Gastronok
 11474 | D:9      | Reached XP level 11. HP: 99/99 MP: 10/10
 11937 | D:9      | Noticed a two-headed ogre
 11943 | D:9      | Paralysed by a floating eye for 3 turns
 11948 | D:9      | Killed a two-headed ogre
 11949 | D:9      | Reached skill level 10 in Fighting
 12211 | D:9      | Paralysed by a floating eye for 4 turns
 12455 | D:10     | Entered Level 10 of the Dungeon
 13114 | D:10     | Reached skill level 14 in Axes
 13115 | D:10     | Reached skill level 10 in Armour
 13454 | D:11     | Reached skill level 5 in Shields
 14127 | D:11     | Noticed Psyche
 14133 | D:11     | Killed Psyche
 14188 | D:11     | Noticed a two-headed ogre
 14200 | D:11     | Killed a two-headed ogre
 14226 | D:11     | Received a gift from Trog
 14681 | D:11     | Found a staircase to the Lair.
 15355 | Lair:1   | Entered Level 1 of the Lair of Beasts
 15408 | Lair:1   | Reached XP level 12. HP: 108/108 MP: 11/11
 16427 | Lair:2   | Noticed a six-headed hydra
 16445 | Lair:2   | Killed an 11-headed hydra
 17354 | Lair:3   | Noticed a death yak
 17356 | Lair:3   | Noticed a death yak
 17360 | Lair:3   | Killed a death yak
 17363 | Lair:3   | Killed a death yak
 17482 | Lair:3   | Reached skill level 10 in Dodging
 17491 | Lair:3   | Found a dark tunnel.
 17544 | Volcano  | Entered a volcano
 17645 | Volcano  | HP: 1/166 [sun demon (9)]
 17646 | Volcano  | Mangled by a sun demon

Illustrated notes

Levels and vault maps discovered:
D:1:      minmay_arrival_doors, layout_basic
D:2:      layout_basic, serial_glass, glass_columns_b, glass_columns_c,
          glass_columns_b, glass_columns_c, glass_columns_a, glass_columns_a,
          glass_columns_c, glass_columns_a, uniq_natasha, uniq_robin
D:3:      layout_rooms, cheibriados_altar_1, grunt_ministairs_9,
          minmay_snake_closets
D:4:      black_bear_nest_2, layout_basic, grunt_temple_overflow_bloody_war,
          minmay_mini_jars, uniq_pikel, uniq_ijyb, uniq_blork_the_orc,
          uniq_duvessa
D:5:      layout_cave_pods, lemuel_round_altar, minmay_temple_entry_crystal_x,
          enter_ossuary_3, lightli_minifort
D:6:      minmay_clustersquares, layout_rooms, tso_metal_star, minitemple,
          mainiacjoe_overflow_concentric_impassable, serial_shops,
          nicolae_inconvenience_store
D:7:      layout_loops_cross, grunt_gozag_breadcrumbs, serial_shops, shop
D:8:      layout_basic, chequers_temple_overflow_statue_of_worship
D:9:      layout_layer_cave, serial_bayou_ford_a, roderic_roman_lattice,
          onia_ninara_cookie, uniq_gastronok
D:10:     layout_gridville, nicolae_underground_beach
D:11:     layout_long_grid, erik_lair_island, uniq_psyche
Lair:1:   layout_long_grid, grunt_megastairs_2
Lair:2:   layout_roguey
Lair:3:   layout_layer_cave, nicolae_spider_entry_non_spiders,
          nicolae_volcano_entry_lava_flow, infiniplex_staircase_pool_2,
          serial_bayou_shore_a
Volcano:  hellmonk_smoking_crater

Skill      XL: |  1  2  3  4  5  6  7  8  9 10 11 12 |
---------------+-------------------------------------+-----
Axes           | 4 5 6 7 8 10 12 13 14 | 14.8
Fighting       | 4 5 7 8 9 10 11 | 11.7
Armour         | 3 4 5 6 7 9 10 | 10.7
Dodging        | 3 4 5 6 7 9 10 | 10.1
Shields        | 2 6 8 |  8.5

Action                   |  1- 3 |  4- 6 |  7- 9 | 10-12 || total
-------------------------+-------+-------+-------+-------++-------
Melee: Hand axe          |    55 |   137 |   285 |   579 ||  1056
       Headbutt          |     9 |    33 |    82 |   189 ||   313
Invok: Berserk           |     1 |     3 |     3 |    13 ||    20
       Trog's Hand       |       |       |       |     3 ||     3
       Brothers in Arms  |       |       |       |     2 ||     2
  Use: Scroll            |       |       |       |     9 ||     9
 Stab: Sleeping          |     1 |       |       |       ||     1
Armor: Animal skin       |     2 |       |       |       ||     2
       Ring mail         |    10 |    47 |    82 |    91 ||   230
       Scale mail        |       |       |       |    61 ||    61
Dodge: Dodged            |    34 |   107 |   194 |   272 ||   607
Block: Kite shield       |       |       |       |   257 ||   257
